 Dungeon Crawl Stone Soup version 0.28.0-53-g5a82cb258f (webtiles) character file.

Game seed: 8434730620351878319

17000 Peloso the Carver (level 12, -9/108 HPs)
             Began as a Minotaur Fighter on July 16, 2022.
             Was a Priest of Okawaru.
             Mangled by a tentacled starspawn (10 damage)
             ... on level 1 of the Abyss.
             The game lasted 00:23:50 (14570 turns).

Peloso the Carver (Minotaur Fighter)               Turns: 14570, Time: 00:23:50

Health: -9/108     AC: 22    Str: 23      XL:     12   Next: 15%
Magic:  11/11      EV:  6    Int: 11      God:    Okawaru [***...]
Gold:   360        SH: 11    Dex: 12 (13) Spells: 11/11 levels left

rFire   + . .      SeeInvis .   a - +7 Screaming Sword {vorpal, sonic wave}
rCold   . . .      Faith    .   e - +0 kite shield
rNeg    + . .      Spirit   .   x - +3 chain mail "Kekiqygib" {Int+6}
rPois   .          Reflect  .   (helmet restricted)
rElec   .          Harm     .   p - +0 cloak
rCorr   .          Rampage  .   o - +0 pair of gloves
Will    .....                   r - +2 pair of boots
Stlth   ..........              (no amulet)
HPRegen 0.28/turn               f - ring of protection from fire
MPRegen 0.12/turn               j - ring of positive energy

@: constricted, unable to read
A: horns 2, retaliatory headbutt, [deterioration 2], [inability to read while
threatened]
a: Renounce Religion, Heroism


You were on level 1 of the Abyss.
You worshipped Okawaru.
Okawaru was most pleased with you.
You visited 2 branches of the dungeon, and saw 12 of its levels.
You visited the Abyss 1 time.
You also visited: Bailey.

You collected 597 gold pieces.
You spent 237 gold pieces at shops.

Inventory:

Hand Weapons
 a - the +7 Screaming Sword (weapon) {vorpal, sonic wave}
   (You acquired it on level 11 of the Dungeon)

   It inflicts extra damage upon your enemies.
   It radiates damaging sonic waves as it strikes, especially in combat
   involving dangerous or numerous foes.
 b - a +4 morningstar of flaming
Missiles
 I - 2 throwing nets (quivered)
Armour
 c - a +0 buckler
 e - a +0 kite shield (worn)
 o - a +0 pair of gloves (worn)
 p - a +0 cloak (worn)
 r - a +2 pair of boots (worn)
 x - the +3 chain mail "Kekiqygib" (worn) {Int+6}
   (You bought it in a shop on level 3 of the Dungeon)

   Int:       It affects your intelligence (+6).
 E - +0 swamp dragon scales
Jewellery
 f - a ring of protection from fire (left hand)
 j - a ring of positive energy (right hand)
 t - a ring of flight
 u - a ring of magical power
Wands
 l - a wand of mindburst (4)
 v - a wand of iceblast (14)
 w - a wand of digging (3)
 y - a wand of acid (16)
 B - a wand of polymorph (10)
 D - a wand of charming (12)
 N - a wand of flame (8)
Scrolls
 g - 3 scrolls of teleportation
 i - a scroll of immolation
 k - a scroll of amnesia
 m - 3 scrolls of fear
 n - a scroll of noise
 s - a scroll of summoning
 z - a scroll of brand weapon
 G - 2 scrolls of silence
 H - 2 scrolls of enchant weapon
Potions
 d - a potion of might
 h - a potion of magic {unknown}
 q - 2 potions of resistance
 A - a potion of curing
 C - a potion of cancellation {unknown}
 F - 3 potions of brilliance
 J - 2 potions of haste
 K - 2 potions of invisibility {unknown}
 L - a potion of mutation {unknown}
 O - a potion of ambrosia


   Skills:
 + Level 10.6 Fighting
 + Level 14.2 Long Blades
 + Level 0.2 Throwing
 + Level 12.8 Armour
 + Level 4.4 Dodging
 + Level 1.1 Stealth
 + Level 10.5 Shields
 + Level 0.6 Invocations


You had 11 spell levels left.
You didn't know any spells.
Your spell library contained the following spells:

 Spells                   Type           Power      Damage    Failure   Level
 Freeze                   Ice            0%         1d3       98%         1
 Frozen Ramparts          Ice            0%         1d2       100%        3
 Portal Projectile        Hex/Tloc       0%         N/A       100%        3
 Hailstorm                Conj/Ice       0%         3d3       100%        4
 Leda's Liquefaction      Hex/Erth       0%         N/A       100%        4
 Chain Lightning          Conj/Air       0%         N/A       100%        9
 Fire Storm               Conj/Fire      0%         5d1       100%        9
 Shatter                  Erth           0%         3d5*      100%        9
 Call Canine Familiar     Summ           Unusable   N/A       N/A         3

Dungeon Overview and Level Annotations

Branches:
Dungeon (11/15)            Temple (1/1) D:5            Lair (0/6) D:8
    Orc (0/2) D:9          Bailey (visited)

Altars:
Ashenzari
Cheibriados
Dithmenos
Elyvilon
Fedhas
Gozag
Hepliaklqana
Kikubaaqudgha
Makhleb
Nemelex Xobeh
Okawaru
Qazlal
Ru
Sif Muna
Trog
Uskayaw
Vehumet
Wu Jian
Xom
Yredelemnul
Zin
The Shining One

Shops:
D:2 (   D:3 *

Portals:
Abyss: D:5

Annotations:
D:3 exclusion: oklob plant
D:5 2 transporters, crawlogic's ghost, novice HOFi
D:11 Erolcha


Innate Abilities, Weirdness & Mutations

You have a pair of horns on your head.
You reflexively headbutt those who attack you in melee.
[Your body often deteriorates upon taking damage.]
[You sometimes lose the ability to read scrolls when taking damage.]


Message History

There is an empty arch of ancient stone here.
You slice the starspawn tentacle!!
The Screaming Sword yells, "STABBITY STAB STAB STAB!"
You send a blast of sound all around you.
The monsters around you are blasted!
You destroy the thrashing horror!
That felt strangely unrewarding.
The chaos spawn is heavily wounded.
The tentacled starspawn is moderately damaged.
You destroy the starspawn tentacle!
You hear a chilling moan.
Tentacles burst from the starspawn's body! 2 starspawn tentacles come into view.
Unknown command.
A small abomination comes into view.
The starspawn tentacle grabs you. The starspawn tentacle constricts you.
You slash the starspawn tentacle! You headbutt the starspawn tentacle.
The starspawn tentacle is heavily damaged.
The starspawn tentacle loses its grip on you.
The tentacle pulls you backwards!
The chaos spawn barely misses you. 2 starspawn tentacle segments come into view.
A caustic shrike skeleton comes into view.
You block the chaos spawn's attack. 2 starspawn tentacle segments come into view.
Unknown command.
You slash the chaos spawn! Your headbutt misses the chaos spawn.
The chaos spawn is severely wounded.
You block the starspawn tentacle's attack. x2
The chaos spawn gores you but does no damage.
A starspawn tentacle segment comes into view.
Unknown command.
You slash the chaos spawn!
The chaos spawn is almost dead.
The starspawn tentacle grabs you. The starspawn tentacle constricts you.
The tentacled starspawn bites you!!
You feel threatened and lose the ability to read scrolls!
* * * LOW HITPOINT WARNING * * *
Your body deteriorates!
You feel clumsy.
The tentacled starspawn tentacle-slaps you!
You die...

.. ##.### .####
...... .... ......#
...# ..
........##..#####..
.................. .
......x........... .
. ......X@4......>..
. .
##....w─w.........
.. .
##................ #
........._........
...
.....Z......∩.......
.
###.##..........#.#
# ..# #.###..#......
. . .. .## #.#
#.##.##### ... . ##
#. #.# #


You could see a tentacled starspawn, a chaos spawn, a small abomination, 2
starspawn tentacles and a caustic shrike skeleton.

Vanquished Creatures
  Fannar (D:10)
  2 vault guards (Bailey)
  A centaur warrior (D:10)
  4 two-headed ogres
  A thrashing horror (Abyss:1)
  A wretched star (Abyss:1)
  2 cyclopes
  An elephant (D:8)
  A gargoyle (D:10)
  A cane toad (Bailey)
  Maggie (D:9)
  2 kobold demonologists (D:11)
  A hornet (D:9)
  A troll (D:9)
  Prince Ribbit (D:9)
  10 yaks
  3 wyverns
  A wraith (D:10)
  3 humans (Bailey)
  4 vampire mosquitoes (D:6)
  3 steam dragons
  Menkaure (D:5)
  Edmund (D:5)
  Duvessa (D:5)
  2 water moccasins (D:7)
  An ice beast (D:6)
  2 sky beasts
  3 black bears
  4 orc warriors
  An ogre (D:5)
  A necrophage (D:7)
  2 centaurs
  A phantom (D:6)
  4 kobold brigands
  11 bullfrogs (Bailey)
  3 scorpions
  2 gnoll sergeants
  Dowan (D:5)
  2 water moccasin skeletons
  22 killer bees
  A bullfrog zombie (D:7)
  A hound (D:5)
  4 jellies
  3 orc priests
  4 centaur zombies
  A centaur skeleton (D:7)
  An iguana (D:5)
  14 orc wizards
  Robin (D:4)
  11 gnolls
  12 adders
  A white imp (D:5)
  3 adder skeletons
  A dart slug (D:5)
  31 orcs
  An endoplasm (D:3)
  4 giant cockroaches
  12 goblins
  7 hobgoblins
  8 jackals
  A quokka (D:4)
  11 ball pythons
  5 frilled lizards
  14 kobolds
  8 rats
  A starspawn tentacle (Abyss:1)
271 creatures vanquished.

Vanquished Creatures (others)
  A starspawn tentacle (Abyss:1)
  4 toadstools (D:1)
5 creatures vanquished.

Grand Total: 276 creatures vanquished

Notes
Turn   | Place    | Note
-------+----------+-------------------------------------------
     0 | D:1      | Peloso the Minotaur Fighter began the quest for the Orb.
     0 | D:1      | Reached XP level 1. HP: 19/19 MP: 0/0
    66 | D:1      | Found a faded altar of an unknown god.
   125 | D:1      | Reached XP level 2. HP: 27/27 MP: 1/1
   800 | D:2      | Reached XP level 3. HP: 29/33 MP: 2/2
   861 | D:2      | Found Koffech's Weapon Shoppe.
  1205 | D:2      | Reached skill level 3 in Long Blades
  1219 | D:2      | You fall into a shaft and drop 1 floor!
  1524 | D:2      | Reached XP level 4. HP: 35/40 MP: 3/3
  1658 | D:3      | Found Ocanib's Assorted Antiques.
  1683 | D:3      | Found a blossoming altar of Fedhas.
  1697 | D:3      | Noticed an oklob plant
  1828 | D:3      | Found an ornate altar of the Wu Jian Council.
  1901 | D:3      | Noticed a scorpion
  1902 | D:3      | HP: 2/40 [poisoned by an adder]
  1918 | D:3      | Killed a scorpion
  1919 | D:3      | Reached skill level 4 in Long Blades
  1919 | D:3      | Reached skill level 5 in Armour
  1919 | D:3      | Reached XP level 5. HP: 17/47 MP: 4/4
  2219 | D:3      | Found a basalt altar of Yredelemnul.
  2222 | D:3      | Noticed a profane servitor
  2229 | D:3      | Found a glowing golden altar of the Shining One.
  2231 | D:3      | Noticed an angel
  2641 | D:3      | Noticed a spectral centipede
  2641 | D:3      | Noticed a spectral black mamba
  2641 | D:3      | Noticed a spectral cane toad
  3202 | D:4      | Reached skill level 5 in Long Blades
  3202 | D:4      | Reached XP level 6. HP: 46/53 MP: 5/5
  3352 | D:4      | Noticed Robin
  3361 | D:4      | Killed Robin
  3362 | D:4      | Reached skill level 1 in Dodging
  3460 | D:4      | Noticed an orc warrior
  3470 | D:4      | Killed an orc warrior
  3848 | D:5      | Entered Level 5 of the Dungeon
  3857 | D:5      | Reached skill level 5 in Fighting
  3893 | D:5      | Noticed crawlogic's ghost (novice HOFi)
  4000 | D:5      | Noticed Duvessa
  4001 | D:5      | Noticed Dowan
  4021 | D:5      | Killed Duvessa
  4022 | D:5      | Reached skill level 6 in Long Blades
  4022 | D:5      | Reached XP level 7. HP: 49/61 MP: 6/6
  4032 | D:5      | Killed Dowan
  4277 | D:5      | Noticed Menkaure
  4287 | D:5      | Killed Menkaure
  4288 | D:5      | Reached skill level 7 in Long Blades
  4288 | D:5      | Reached skill level 5 in Shields
  4321 | D:5      | Found a transporter.
  4443 | D:5      | Found a transporter.
  4545 | D:5      | Noticed a small abomination
  4570 | D:5      | Reached skill level 8 in Long Blades
  4570 | D:5      | Reached XP level 8. HP: 70/70 MP: 7/7
  4925 | D:5      | Noticed Edmund
  4934 | D:5      | Killed Edmund
  5196 | D:5      | Found a staircase to the Ecumenical Temple.
  5204 | Temple   | Entered the Ecumenical Temple
  5322 | D:5      | Found a one-way gate to the infinite horrors of the Abyss.
  5631 | D:6      | Reached skill level 9 in Long Blades
  6003 | D:6      | Reached XP level 9. HP: 23/79 MP: 8/8
  7013 | D:3      | Bought a glimmering chain mail for 237 gold pieces
  7013 | D:3      | Identified the +3 chain mail "Kekiqygib" {Int+6} (You
                  | bought it in a shop on level 3 of the Dungeon)
  7253 | D:7      | Reached skill level 10 in Long Blades
  8159 | D:7      | Reached XP level 10. HP: 87/88 MP: 9/9
  8675 | D:7      | Reached skill level 11 in Long Blades
  8675 | D:7      | Reached skill level 10 in Armour
  8965 | D:8      | Found a stormy altar of Qazlal.
  9810 | D:8      | Noticed an elephant
  9855 | D:8      | Found a staircase to the Lair.
  9887 | D:8      | Killed an elephant
 10112 | D:9      | Paralysed by a hornet for 1 turns
 10320 | D:9      | Noticed Maggie
 10333 | D:9      | Killed Maggie
 10334 | D:9      | Reached skill level 12 in Long Blades
 10605 | D:9      | Found a snail-covered altar of Cheibriados.
 10877 | D:9      | Found an ancient bone altar of Kikubaaqudgha.
 10877 | D:9      | Found an opulent altar of Gozag.
 10880 | D:9      | Found a sacrificial altar of Ru.
 10881 | D:9      | Found a shadowy altar of Dithmenos.
 10881 | D:9      | Found a radiant altar of Vehumet.
 10882 | D:9      | Found a shimmering altar of Xom.
 11499 | D:9      | Found a staircase to the Orcish Mines.
 11672 | D:9      | Noticed a two-headed ogre
 11678 | D:9      | Noticed a two-headed ogre
 11683 | D:9      | Killed a two-headed ogre
 11684 | D:9      | Reached XP level 11. HP: 67/97 MP: 10/10
 11692 | D:9      | Killed a two-headed ogre
 11693 | D:9      | Reached skill level 1 in Stealth
 12109 | D:9      | Found an iron altar of Okawaru.
 12117 | D:9      | Became a worshipper of Warmaster Okawaru
 12161 | D:9      | Noticed Prince Ribbit
 12173 | D:9      | Killed Prince Ribbit
 12222 | D:10     | Entered Level 10 of the Dungeon
 12264 | D:10     | Found a flagged portal.
 12308 | Bailey   | Entered a bailey
 12431 | Bailey   | Reached * piety under Okawaru
 12461 | Bailey   | Noticed a vault guard
 12481 | Bailey   | Killed a vault guard
 12483 | Bailey   | Reached skill level 13 in Long Blades
 12584 | Bailey   | Noticed a vault guard
 12602 | Bailey   | Killed a vault guard
 13075 | D:10     | Reached ** piety under Okawaru
 13209 | D:10     | Noticed a two-headed ogre
 13219 | D:10     | Killed a two-headed ogre
 13260 | D:10     | Reached skill level 10 in Fighting
 13410 | D:10     | Noticed a centaur warrior
 13548 | D:10     | Noticed Fannar
 13564 | D:10     | Killed Fannar
 13565 | D:10     | Reached skill level 10 in Shields
 13953 | D:10     | Noticed a two-headed ogre
 13963 | D:10     | Killed a two-headed ogre
 13963 | D:10     | Reached *** piety under Okawaru
 14016 | D:10     | Killed a centaur warrior
 14017 | D:10     | Reached XP level 12. HP: 75/107 MP: 11/11
 14326 | D:11     | Identified a scroll of acquirement
 14326 | D:11     | Acquired the +7 Singing Sword {vorpal, sonic wave}
 14326 | D:11     | Found the +7 Singing Sword {vorpal, sonic wave}
 14341 | D:11     | Reached skill level 14 in Long Blades
 14500 | D:11     | Noticed Erolcha
 14501 | D:11     | Cast into level 1 of the Abyss (Erolcha)
 14501 | Abyss:1  | Found a corrupted altar of Lugonu.
 14558 | Abyss:1  | Noticed a tentacled starspawn
 14570 | Abyss:1  | HP: 1/108 [tentacled starspawn (21)]
 14570 | Abyss:1  | Mangled by a tentacled starspawn

Illustrated notes

Levels and vault maps discovered:
D:1:      ldierk_water_garden, layout_basic,
          hellmonk_ecumenical_altar_pennies_from_heaven
D:2:      layout_basic, serial_shops, nicolae_shop_window_shopping,
          minmay_cut_off
D:3:      layout_loops_ring, grunt_temple_overflow_holy_war,
          pdpol_wu_jian_five_deadly_venoms, tgw_fedhas, serial_shops, shop,
          minivault_27
D:4:      layout_basic, chequers_mini_garden, uniq_robin
D:5:      layout_basic, minmay_temple_entry_fiery,
          gammafunk_ghost_abyssal_escape, uniq_duvessa, uniq_edmund,
          uniq_menkaure
D:6:      layout_basic
D:7:      layout_layer_cave, chequers_serial_rivers_micro_b
D:8:      layout_gridville, grunt_qazlal_sundering, david_lair_generic,
          eino_jars
D:9:      layout_basic, lemuel_round_altar, grunt_temple_overflow_open,
          orc_0_dummy, serial_co_window_serial, co_window_corner_a,
          co_window_paths_a, co_window_paths_b, co_window_of_opportunity_a,
          co_window_paths_a, co_window_paths_a, co_window_paths_a,
          co_window_corner_ca, co_window_of_opportunity_b, co_window_broadway_a,
          co_window_broadway_c, co_window_paths_c, co_window_cross_3,
          co_window_broadway_a, glass_columns_b, glass_columns_a,
          glass_columns_a, glass_columns_a, uniq_maggie, uniq_prince_ribbit1
D:10:     layout_long_grid, enter_bailey_6, blue_anna_alchemist, uniq_fannar
D:11:     layout_long_grid, portal_ice_cave_rime, lightli_wizard_tower,
          uniq_erolcha
Temple:   dpeg_three_leaves_temple
Abyss:1:  base:
D:2

Skill      XL: |  1  2  3  4  5  6  7  8  9 10 11 12 |
---------------+-------------------------------------+-----
Shields        | 4 5 6 8 10 | 10.5
Armour         | 4 5 6 8 9 11 12 | 12.8
Fighting       | 4 5 7 8 9 10 | 10.6
Long Blades    | 3 4 5 6 8 9 10 12 13 14 | 14.2
Dodging        | 1 2 3 4 |  4.4
Stealth        | 1 |  1.1
Throwing       | |  0.2
Invocations    | |  0.6

Action                   |  1- 3 |  4- 6 |  7- 9 | 10-12 || total
-------------------------+-------+-------+-------+-------++-------
Melee: Long sword        |    86 |   105 |   269 |   462 ||   922
       Headbutt          |     5 |    18 |    51 |   105 ||   179
       Double sword      |       |       |       |    36 ||    36
Throw: Throwing net      |       |       |       |     1 ||     1
Invok: Heroism           |       |       |       |     4 ||     4
  Use: Potion            |     1 |     2 |       |       ||     3
       Scroll            |     2 |       |       |    13 ||    15
Armor: Scale mail        |    42 |    22 |       |       ||    64
       Chain mail        |       |    26 |   131 |   312 ||   469
Dodge: Dodged            |    50 |    46 |    91 |   170 ||   357
Block: Buckler           |    32 |    32 |    58 |    58 ||   180
       Kite shield       |       |       |       |   185 ||   185
